AoeStats
← Dragon

Arena

508078284Analyzed
3v3 RM · 12d ago on Sep 20, 2026· 57m 56s· 6 players
Game mode
Random Map
Map size
Normal (6 player)
Population
200
Speed
Normal
Resources
Standard
Victory
Conquest
Starting age
Dark Age
Ending age
Imperial Age
RankedLock teamsTeams togetherTeam positionsShared explorationLock speedFull tech treeHidden civsTurbo modeCheats
Victory
Defeat
🇲🇽 Malay · Mexico
1391
+14
🇵🇪 Byzantines · Peru
1331
+16
🇦🇷 Spanish · Argentina
1294
+18
🇩🇪 Hindustanis · Germany
1343
-16
🇩🇪 Portuguese · Germany
1331
-16
🇩🇪 Vietnamese · Germany
1330
-16
brayanis_12
11:01 Feudal Age
11:51 Loom
14:46 Castle Age
15:41 Double-Bit Axe
15:40 Horse Collar
17:42 Bow Saw
21:34 Heavy Plow
26:10 Wheelbarrow
29:11 Imperial Age
27:08 Scale Barding Armor
27:50 Hand Cart
28:26 Chain Barding Armor
29:11 Gold Mining
30:30 Plate Barding Armor
30:14 Husbandry
30:59 Gold Shaft Mining
30:59 Stone Mining
31:21 Forging
34:03 Iron Casting
35:22 Stone Shaft Mining
35:34 Crop Rotation
36:05 Two-Man Saw
35:15 Elite Cataphract
36:45 Logistica
45:33 Ballistics
46:14 Chemistry
44:54 Treadmill Crane
46:47 Conscription
49:05 Hoardings
52:59 Greek Fire
[GDL] ColimoteStudioS
11:12 Feudal Age
12:03 Double-Bit Axe
12:00 Horse Collar
16:27 Castle Age
20:21 Forging
22:14 Iron Casting
21:31 Loom
23:15 Wheelbarrow
23:19 Fletching
24:57 Town Watch
34:31 Bow Saw
34:22 Heavy Plow
34:58 Gold Mining
36:17 Hand Cart
39:36 Imperial Age
38:11 Ballistics
37:48 Bodkin Arrow
37:54 Padded Archer Armor
39:31 Gold Shaft Mining
38:47 Stone Mining
38:50 Crossbowman
39:34 Bracer
40:52 Chemistry
40:01 Thumb Ring
40:59 Crop Rotation
40:13 Arbalester
42:18 Leather Archer Armor
44:38 Ring Archer Armor
46:37 Coinage
46:18 Guilds
47:11 Blast Furnace
49:11 Stone Shaft Mining
49:09 Town Patrol
48:53 Treadmill Crane
49:19 Siege Engineers
49:24 Masonry
49:09 Murder Holes
51:27 Banking
52:49 Elite Skirmisher
53:35 Scale Barding Armor
53:52 Conscription
53:34 Forced Levy
Agus Talleres 2
10:29 Feudal Age
14:17 Castle Age
12:56 Double-Bit Axe
13:53 Loom
29:16 Imperial Age
29:55 Bow Saw
29:28 Horse Collar
32:08 Two-Man Saw
32:55 Padded Archer Armor
34:01 Onager
39:57 Two-Man Saw
38:53 Gold Mining
39:30 Leather Archer Armor
46:36 Scale Barding Armor
46:41 Forging
46:37 Heavy Plow
47:04 Cavalier
47:54 Bloodlines
48:06 Chain Barding Armor
47:48 Husbandry
50:04 Plate Barding Armor
50:06 Iron Casting
51:45 Conscription
Dragon
5:23 Loom
10:44 Feudal Age
16:54 Castle Age
16:51 Stone Mining
16:48 Double-Bit Axe
16:45 Horse Collar
20:19 Heavy Plow
20:56 Wheelbarrow
21:13 Bow Saw
24:55 Hand Cart
24:34 Town Watch
27:42 Gold Mining
28:38 Fletching
29:13 Bodkin Arrow
30:19 Padded Archer Armor
36:24 Bloodlines
36:41 Scale Barding Armor
38:12 Husbandry
40:26 Sanctity
40:20 Fervor
41:32 Squires
48:58 Herbal Medicine
53:21 Redemption
siggi-lok
12:07 Feudal Age
16:06 Castle Age
14:47 Double-Bit Axe
15:20 Horse Collar
18:17 Heavy Plow
30:52 Imperial Age
28:11 Loom
28:11 Town Watch
30:15 Bow Saw
30:00 Stone Mining
30:04 Gold Mining
31:29 Fortified Wall
34:51 Scale Mail Armor
35:02 Forging
35:20 Conscription
35:10 Arquebus
36:18 Chemistry
34:59 Pikeman
36:06 Chain Mail Armor
37:04 Wheelbarrow
37:03 Halberdier
39:27 Iron Casting
39:23 Plate Mail Armor
41:43 Blast Furnace
42:47 Siege Engineers
42:18 Elite Organ Gun
43:15 Murder Holes
Who am I
10:42 Feudal Age
15:09 Castle Age
13:14 Double-Bit Axe
14:44 Fletching
17:10 Wheelbarrow
16:57 Horse Collar
17:46 Bow Saw
17:28 Loom
20:12 Bodkin Arrow
20:27 Crossbowman
22:09 Gold Mining
24:12 Heavy Plow
24:06 Stone Mining
25:49 Thumb Ring
27:14 Hand Cart
28:59 Ballistics
28:19 Treadmill Crane
32:53 Imperial Age
31:47 Fortified Wall
31:27 Elite Skirmisher
32:08 Padded Archer Armor
33:20 Arbalester
34:02 Bracer
34:18 Leather Archer Armor
36:37 Ring Archer Armor
39:50 Two-Man Saw
39:58 Squires
47:32 Pikeman
47:59 Arson
48:40 Halberdier
51:33 Paper Money
Connection lost

Rejoining the realm…

Still unreachable

The connection could not be restored.

Session expired

The server has moved on; the page needs a fresh start.